 Dungeon Crawl Stone Soup version 0.30-b1-2-g02819fbbbe (webtiles) character file.

Game seed: 5808643488112808614

974 Metae the Trooper (level 7, -16/63 HPs)
             Began as a Minotaur Fighter on Aug 2, 2023.
             Demolished by an ogre
             ... wielding a +0 giant club
              (19 damage)
             ... on level 5 of the Dungeon.
             The game lasted 00:08:53 (4504 turns).

Metae the Trooper (Minotaur Fighter)                Turns: 4504, Time: 00:08:53

Health: -16/63     AC: 11    Str: 22    XL:     7   Next: 95%
Magic:  6/6        EV:  9    Int:  5    God:
Gold:   238        SH:  5    Dex: 10    Spells: 6/6 levels left

rFire   . . .        a - +0 war axe
rCold   . . .        c - +0 buckler
rNeg    . . .        s - +0 chain mail
rPois   .            (helmet restricted)
rElec   .            (no cloak)
rCorr   .            y - +0 pair of gloves
SInv    .            (no boots)
Will    .....        (no amulet) Stlth
                     b - ring of flight
HPRegen 0.30/turn    (no ring)
MPRegen 0.10/turn

%: no passive effects
@: flying
A: horns 2, retaliatory headbutt
a: no special abilities


You were on level 5 of the Dungeon.
You visited 1 branch of the dungeon, and saw 5 of its levels.
You also visited: Sewer.

You collected 238 gold pieces.

Inventory:

Hand Weapons
 a - a +0 war axe (weapon)
 h - a +0 antimagic sling
 H - a +1 whip of flaming
Missiles
 k - 25 stones (quivered)
 E - 30 poisoned darts
Armour
 c - a +0 buckler (worn)
 s - a +0 chain mail (worn)
 y - a +0 pair of gloves (worn)
Jewellery
 b - a ring of flight (left hand)
 e - an amulet of the acrobat
Wands
 p - a wand of quicksilver (4)
Scrolls
 i - 6 scrolls of teleportation
 l - 6 scrolls of identify
 m - 5 scrolls of amnesia
 q - 2 scrolls of vulnerability {unknown}
 u - a scroll of torment {unknown}
 w - 3 scrolls of enchant armour
 x - a scroll of poison {unknown}
 A - a scroll of noise {unknown}
 B - 2 scrolls of blinking {unknown}
 C - 2 scrolls of immolation {unknown}
 D - a scroll of butterflies {unknown}
 F - a scroll of fog {unknown}
Potions
 d - 3 potions of might
 f - 2 potions of haste {unknown}
 g - a potion of invisibility {unknown}
 j - 2 potions of curing {unknown}
 n - a potion of lignification {unknown}
 o - 3 potions of mutation {unknown}
 r - 2 potions of cancellation {unknown}
 t - a potion of brilliance {unknown}
 v - a potion of ambrosia {unknown}
 z - a potion of heal wounds {unknown}
 G - a potion of flight {unknown}


   Skills:
 + Level 6.2 Fighting
 + Level 5.5 Axes
 + Level 6.1 Armour
 + Level 3.5 Dodging
 + Level 6.2 Shields


You had 6 spell levels left.
You didn't know any spells.
Your spell library contained the following spells:

 Spells                   Type           Power      Damage    Failure   Level
 Frozen Ramparts          Ice            0%         1d1       100%        3
 Gell's Gravitas          Tloc           0%         N/A       100%        3
 Teleport Other           Tloc           0%         N/A       100%        3
 Ice Form                 Ice/Tmut       0%         N/A       100%        4
 Summon Ice Beast         Ice/Summ       0%         N/A       100%        4
 Dispersal                Tloc           0%         N/A       100%        6


Dungeon Overview and Level Annotations

Branches:
Dungeon (5/15)              Sewer (visited)
 Temple: D:4-7

Altars:
Makhleb
Ru


Innate Abilities, Weirdness & Mutations

You have a pair of horns on your head.
You reflexively headbutt those who attack you in melee.


Message History

You hit the scorpion.
The scorpion is lightly wounded.
The scorpion closely misses you.
The scorpion stings you but does no damage.
You closely miss the scorpion.
The scorpion is lightly wounded.
The scorpion stings you but does no damage.
You hit the scorpion.
The scorpion is moderately wounded.
The scorpion stings you but does no damage. x2
You slash the scorpion! Your headbutt misses the scorpion.
The scorpion is severely wounded.
The scorpion stings you but does no damage.
You hit the scorpion.
You kill the scorpion!
Your Armour skill increases to level 6!
Found a whip.
Found a long sword.
You pick up a book of Rime and begin reading...
You add the spells Frozen Ramparts, Ice Form and Summon Ice Beast to your library.
Found a scroll labelled ATOIPS GUG RUW.
An ogre comes into view. It is wielding a +0 giant spiked club.
An ogre is nearby!
An ogre comes into view. It is wielding a +0 giant club.
The ogre shouts!
The ogre hits you with a +0 giant spiked club!
You barely miss the ogre.
The ogre hits you with a +0 giant spiked club!!
You slash the ogre! You headbutt the ogre!
The ogre is almost dead.
The ogre hits you with a +0 giant spiked club!
You slash the ogre!
You kill the ogre!
You hit the ogre.
The ogre is lightly wounded.
The ogre hits you with a +0 giant club!
* * * LOW HITPOINT WARNING * * *
The ogre attacks as you move away!
The ogre hits you with a +0 giant club!!
You die...

#.#..##.......... .#
#.#..##.########.# .#
#.#..##.##### #.# .#
.....##.....# #.# .#
.....####...# #.# .#
.....# #.#.# #.# .#
.....## #.#.# #.##)##
......###.#.####.#...#
................@O###.#
#.....###.#.####..#
.....## #.#.# ##.#
#...... ..#.# #...
..####### #.. ....# ...
#.# #.##.. .... ..# #?.
... ..... ### ### ..
......


You could see an ogre.

Vanquished Creatures
  An ogre (D:5)
  A centaur (D:5)
  4 kobold brigands (Sewer)
  2 scorpions
  A hound (D:5)
  A jelly (D:4)
  An orc priest (D:4)
  A gnoll bouda (D:5)
  An iguana (D:4)
  A sleepcap (D:5)
  An orc wizard (D:4)
  4 gnolls (D:5)
  7 adders
  A river rat (D:4)
  A white imp (D:5)
  2 ufetubi
  3 worms
  2 dart slugs
  12 orcs
  9 ball pythons
  8 endoplasms
  6 giant cockroaches
  2 goblins
  6 hobgoblins
  10 kobolds
  4 quokkas
  5 bats
  2 frilled lizards (D:1)
  12 rats
111 creatures vanquished.

Notes
Turn   | Place    | Note
-------+----------+-------------------------------------------
     0 | D:1      | Metae the Minotaur Fighter began the quest for the Orb.
     0 | D:1      | Reached XP level 1. HP: 19/19 MP: 0/0
   168 | D:1      | Reached XP level 2. HP: 26/27 MP: 1/1
  1139 | D:2      | You fall into a shaft and drop 1 floor!
  1178 | D:2      | Reached XP level 3. HP: 33/33 MP: 2/2
  1747 | D:3      | Identified the +1 short sword of Doom {freeze, rPois}
  1801 | D:3      | Found a sacrificial altar of Ru.
  1856 | D:3      | Reached XP level 4. HP: 33/41 MP: 3/3
  2088 | D:3      | Found a burning altar of Makhleb.
  2438 | D:4      | Noticed a scorpion
  2447 | D:4      | Killed a scorpion
  2448 | D:4      | Reached XP level 5. HP: 33/47 MP: 4/4
  2450 | D:4      | Reached skill level 1 in Dodging
  2790 | D:4      | Found a glowing drain.
  2799 | Sewer    | Entered a sewer
  2806 | Sewer    | Reached skill level 5 in Fighting
  2821 | Sewer    | Reached skill level 5 in Shields
  2962 | Sewer    | Reached skill level 5 in Armour
  2962 | Sewer    | Reached XP level 6. HP: 56/56 MP: 5/5
  3096 | Sewer    | Reached XP level 7. HP: 30/61 MP: 6/6
  4092 | D:5      | Entered Level 5 of the Dungeon
  4101 | D:5      | Reached skill level 5 in Axes
  4346 | D:5      | Identified the +2 helmet of Hoakla {+Inv rF- Will+++ Dex+4}
  4390 | D:5      | Identified the +6 dagger of Hospitality {vamp, Drain rCorr
                  | Int+4 SInv}
  4501 | D:5      | HP: 2/63 [ogre/+0 giant club (17)]
  4504 | D:5      | Demolished by an ogre

Illustrated notes

Levels and vault maps discovered:
D:1:      nagdon_arrival_zigzag_paths, layout_loops_corners, chequers_jeans
D:2:      layout_loops_ring, fountainhead
D:3:      layout_basic, lightli_temple_of_fire, hangedman_ru_absence
D:4:      layout_basic, gup_sewer_entry_bubbles
D:5:      layout_loops_ring, minmay_temple_entry_proselytizer, kennysheep_potato

Skill      XL: |  1  2  3  4  5  6  7 |
---------------+----------------------+-----
Fighting       | 4 5 6 |  6.2
Armour         | 4 5 6 |  6.1
Shields        | 4 5 6 |  6.2
Axes           | 3 4 5 |  5.5
Dodging        | 1 2 3 |  3.5

Action                     |  1- 3 |  4- 6 |  7- 9 || total
---------------------------+-------+-------+-------++-------
  Melee: War axe           |   101 |   121 |    86 ||   308
         Headbutt          |     7 |    10 |    11 ||    28
    Use: Scroll            |       |     3 |       ||     3
 Armour: Scale mail        |    55 |    30 |       ||    85
         Chain mail        |       |    49 |    43 ||    92
  Dodge: Dodged            |    49 |    29 |    39 ||   117
  Block: Buckler           |    23 |    27 |    17 ||    67
